 Dungeon Crawl Stone Soup version 0.22.1-5-g62c59d919a (webtiles) character file.

56 Riddle the Ducker (level 3, 0/15 HPs)
             Began as a Felid Artificer on Jan 15, 2019.
             Slain by an adder (4 damage)
             ... on level 1 of the Dungeon.
             The game lasted 00:06:06 (3579 turns).

Riddle the Ducker (Felid Artificer)                 Turns: 3579, Time: 00:06:07

Health: 0/15       AC:  1    Str:  8    XL:     3   Next: 69%
Magic:  6/6        EV: 27    Int: 12    God:
Gold:   76         SH:  0    Dex: 22    Spells: 2/2 levels left
                                        Lives:  0   Deaths: 0

rFire    + . .     SeeInvis +     - Unarmed
rCold    + . .     Gourm    .   (shield unavailable)
rNeg     . . .     Faith    .   (armour unavailable)
rPois    +         Spirit   .   (helmet unavailable)
rElec    +         Reflect  .   (cloak unavailable)
rCorr    +         Harm     .   (gloves unavailable)
MR       .....                  (boots unavailable)
Stlth    ++++......             (no amulet)
HPRegen  0.05/turn              (no ring)
MPRegen  0.10/turn              (no ring)

@: agile, resistant, quick
A: very small, no armour, no weapons or thrown items, stealth, claws 1, fangs 3,
see invisible, carnivore, speed 1, shaggy fur 1, slow metabolism 1, sharp paws
a: no special abilities


You were on level 1 of the Dungeon.
You were very full.

You visited 1 branch of the dungeon, and saw 3 of its levels.

You collected 76 gold pieces.

Inventory:

Wands
 a - a wand of flame (15)
 b - a wand of enslavement (15)
 c - a wand of random effects (15)
Scrolls
 e - 4 scrolls of identify {unknown}
 g - a scroll of fear {unknown}
Potions
 i - a potion of heal wounds {unknown}
Comestibles
 d - 4 rations


   Skills:
 + Level 1.0 Fighting
 - Level 5.5 Dodging
 - Level 1.3 Stealth
 - Level 1.0 Unarmed Combat
 - Level 3.2 Evocations


You had 2 spell levels left.
You didn't know any spells.
Your spell library was empty.

Dungeon Overview and Level Annotations

Branches:
Dungeon (3/15)

Altars:

Annotations:
D:2 Jessica


Innate Abilities, Weirdness & Mutations

You cannot wear armour.
You are incapable of wielding weapons or throwing items.
Your paws allow you to move quietly. (Stealth)
You have sharp claws.
You have razor-sharp teeth.
You have supernaturally acute eyesight. (SInv)
You are carnivorous and can eat meat at any time.
You cover ground quickly.
You are covered in fur. (AC +1)
You have a slow metabolism.
Your sharp claws are effective at attacking unaware monsters.


Message History

The adder completely misses you.
The crimson imp blinks!
You climb upwards.
Level annotation: Jessica
There is a stone staircase leading down here.
The adder misses you.
There is a stone staircase leading up here.
The adder completely misses you. x2
You climb upwards.
There is a stone staircase leading down here.
The adder bites you.
You see here a whip.
The adder bites you.
* * * LOW HITPOINT WARNING * * *
It was a potion of resistance.
You feel protected. The adder completely misses you.
It was a potion of agility.
You feel agile all of a sudden. The adder bites you.
You die...

..#####+###.#.##.####...#.##.....
..#......#..#.............##.####
..#......#..####.###.#..#.##.# #
..#......#.......# #.#..#.##.# #
..............##.# #.......#.# #
...........##.##.# #.#..#..#.# #
#.#####..........# #.#..#..#.# #
#.# #....##.##S###.#..#..#.# #
#.# #....##.##@#.........#.# #
#.#####........(.............# #
#..........##.####.#.#.#.....# #
#.###########.# #.#.#.#>....# #
..# #......##.# #.#.#.##....# #
#.###......##.####.#.#.##....# #
.............................# #
#.###.......######.###.###...#
#.# #.......# #.# #.# #...#


You could see an adder.

Vanquished Creatures
  A gnoll (D:1)
  2 adders (D:2)
  A worm (D:2)
  A leopard gecko (D:1)
  2 bats
  A goblin (D:1)
  6 hobgoblins
  2 jackals (D:1)
  A ball python (D:1)
  2 frilled lizards
  3 kobolds
  4 rats
26 creatures vanquished.

Notes
Turn   | Place    | Note
-------+----------+-------------------------------------------
     0 | D:1      | Riddle the Felid Artificer began the quest for the Orb.
     0 | D:1      | Reached XP level 1. HP: 9/9 MP: 4/4
    64 | D:1      | Reached skill level 3 in Dodging
   658 | D:1      | Reached XP level 2. HP: 10/12 MP: 5/5
   920 | D:2      | Noticed a scorpion
   983 | D:1      | Reached skill level 4 in Dodging
  1187 | D:2      | Reached XP level 3. HP: 13/15 MP: 6/6
  1707 | D:2      | Reached skill level 5 in Dodging
  3087 | D:2      | Noticed Jessica
  3579 | D:1      | Slain by an adder

Skill      XL: |  1  2  3 |
---------------+----------+-----
Dodging        | 3 4 5 |  5.5
Fighting       | |  1.0
Stealth        | |  1.3
Unarmed Combat | |  1.0
Evocations     | |  3.2

Action                   || total
-------------------------++-------
Melee: Unarmed           ||   185
       Bite              ||    21
  Use: Potion            ||     2
 Stab: Sleeping          ||     2
  Eat: Chunk             ||    12
Armor: Skin              ||     5
Dodge: Dodged            ||   178
